TOP OF THE 1ST |
Canton Indians batting - Pitching for Windy City ThunderBolts : RHP Chang-wei Quian
|
Pitching: RHP Chang-wei Quian
|
|
Batting: RHB Willie Toral
|
0-0: Ball 1-0: Called Strike 1-1: Foul Ball, location: 2F 1-2: Fly out, F9 (Flyball, 9D, EV 101.2 MPH)
|
Batting: RHB Oscar Hernandez
|
0-0: Called Strike 0-1: Swinging Strike 0-2: Ball 1-2: Strikes out swinging
|
Batting: SHB Bob Ledlow
|
0-0: Ball 1-0: Ball 2-0: Ball 3-0: Called Strike 3-1: Swinging Strike 3-2: Strikes out swinging
|
Top of the 1st over - 0 runs, 0 hits, 0 errors, 0 left on base; Canton 0 - Windy City 0 |
BOTTOM OF THE 1ST |
Windy City ThunderBolts batting - Pitching for Canton Indians : RHP Ian McLeod
|
Pitching: RHP Ian McLeod
|
|
Batting: SHB Dan Strickland
|
0-0: Ball 1-0: Called Strike 1-1: Ball 2-1: Ball 3-1: Called Strike 3-2: Foul Ball, location: 2F 3-2: Foul Ball, location: 2F 3-2: Ground out 5-3 (Groundball, 56, EV 107.5 MPH)
|
Batting: RHB Paul Holland
|
0-0: Foul Ball, location: 2F 0-1: Ball 1-1: Ground out 6-3 (Groundball, 56, EV 86.9 MPH)
|
Batting: RHB Eddie Dimas
|
0-0: Called Strike 0-1: Ball 1-1: Ball 2-1: Ball 3-1: Called Strike 3-2: SINGLE (Groundball, 56D, EV 103.1 MPH)
|
Batting: RHB Joe Thomas
|
0-0: Foul Ball, location: 2F 0-1: Reached on error, E6 (Groundball, 6, EV 101.2 MPH) Eddie Dimas to second
|
Batting: RHB Donovan Deason
|
0-0: Called Strike 0-1: Foul Ball, location: 2F 0-2: Strikes out swinging
|
Bottom of the 1st over - 0 runs, 1 hit, 1 error, 2 left on base; Canton 0 - Windy City 0 |
TOP OF THE 2ND |
Canton Indians batting - Pitching for Windy City ThunderBolts : RHP Chang-wei Quian
|
Batting: LHB Mark Harris
|
0-0: Ball 1-0: Foul Ball, location: 2F 1-1: Ball 2-1: Foul Ball, location: 2F 2-2: Ball 3-2: Strikes out swinging
|
Batting: RHB David Haas
|
0-0: Ball 1-0: Ball 2-0: Called Strike 2-1: Called Strike 2-2: Ball 3-2: Foul Ball, location: 2F 3-2: Strikes out swinging
|
Batting: RHB Jonathan Johnstad
|
0-0: Called Strike 0-1: Ball 1-1: Called Strike 1-2: Ball 2-2: Strikes out swinging
|
Top of the 2nd over - 0 runs, 0 hits, 0 errors, 0 left on base; Canton 0 - Windy City 0 |
BOTTOM OF THE 2ND |
Windy City ThunderBolts batting - Pitching for Canton Indians : RHP Ian McLeod
|
Batting: RHB Klaus Brown
|
0-0: Ball 1-0: Foul Ball, location: 2F 1-1: Swinging Strike 1-2: Strikes out swinging
|
Batting: RHB Camillo Bonauiti
|
0-0: Ball 1-0: Called Strike 1-1: Swinging Strike 1-2: Fly out, F8 (Flyball, 89XD, EV 90.0 MPH)
|
Batting: RHB Bellchior Osuna
|
0-0: Called Strike 0-1: Ball 1-1: Ball 2-1: SINGLE (Flyball, 8RM, EV 90.6 MPH)
|
Batting: RHB Nhat Phong
|
0-0: Fielders Choice at 2nd, 6-4 (Groundball, 56, EV 83.8 MPH)
|
Bottom of the 2nd over - 0 runs, 1 hit, 0 errors, 1 left on base; Canton 0 - Windy City 0 |
TOP OF THE 3RD |
Canton Indians batting - Pitching for Windy City ThunderBolts : RHP Chang-wei Quian
|
Batting: LHB Mike Belile
|
0-0: Swinging Strike 0-1: SINGLE (Groundball, 4, EV 105.6 MPH)
|
Batting: RHB Giuliano Giacoletti Jr.
|
0-0: Ball 1-0: Called Strike 1-1: Swinging Strike 1-2: Ball 2-2: Strikes out swinging
|
Batting: SHB Jose Abreu
|
0-0: Ball 1-0: Foul Ball, location: 2F 1-1: Called Strike 1-2: Fly out, F7 (Flyball, 7D, EV 102.5 MPH)
|
Batting: RHB Willie Toral
|
0-0: Foul Ball, location: 2F 0-1: Ball 1-1: Ball 2-1: SINGLE (Line Drive, 56D, EV 96.2 MPH) Mike Belile to second
|
Batting: RHB Oscar Hernandez
|
0-0: Ball 1-0: Called Strike 1-1: Swinging Strike 1-2: Strikes out swinging
|
Top of the 3rd over - 0 runs, 2 hits, 0 errors, 2 left on base; Canton 0 - Windy City 0 |
BOTTOM OF THE 3RD |
Windy City ThunderBolts batting - Pitching for Canton Indians : RHP Ian McLeod
|
Batting: SHB Dan Strickland
|
0-0: Called Strike 0-1: Ball 1-1: Foul Ball, location: 2F 1-2: Foul Ball, location: 2F 1-2: Ball 2-2: Foul Ball, location: 2F 2-2: Fly out, F8 (Line Drive, 8RD, EV 86.2 MPH)
|
Batting: RHB Paul Holland
|
0-0: Ground out 3-1 (Groundball, 34S, EV 93.8 MPH)
|
Batting: RHB Eddie Dimas
|
0-0: Called Strike 0-1: Foul Ball, location: 2F 0-2: Strikes out swinging
|
Bottom of the 3rd over - 0 runs, 0 hits, 0 errors, 0 left on base; Canton 0 - Windy City 0 |
TOP OF THE 4TH |
Canton Indians batting - Pitching for Windy City ThunderBolts : RHP Chang-wei Quian
|
Batting: SHB Bob Ledlow
|
0-0: Foul Ball, location: 2F 0-1: Ball 1-1: Fly out, F9 (Flyball, 89M, EV 74.4 MPH)
|
Batting: LHB Mark Harris
|
0-0: Ball 1-0: Called Strike 1-1: Foul Ball, location: 2F 1-2: Strikes out swinging
|
Batting: RHB David Haas
|
0-0: Foul Ball, location: 2F 0-1: SINGLE (Flyball, 4D, EV 93.1 MPH)
|
Batting: RHB Jonathan Johnstad
|
0-0: Swinging Strike 0-1: Ball 1-1: Ball 2-1: Ball 3-1: Foul Ball, location: 2F 3-2: Base on Balls David Haas to second
|
Batting: LHB Mike Belile
|
0-0: Ground out 4-3 (Groundball, 34, EV 91.2 MPH)
|
Top of the 4th over - 0 runs, 1 hit, 0 errors, 2 left on base; Canton 0 - Windy City 0 |
BOTTOM OF THE 4TH |
Windy City ThunderBolts batting - Pitching for Canton Indians : RHP Ian McLeod
|
Batting: RHB Joe Thomas
|
0-0: Ball 1-0: Ball 2-0: Called Strike 2-1: Reached on error, E8 (Flyball, 8RXD, EV 101.9 MPH)
|
Batting: RHB Donovan Deason
|
0-0: SINGLE (Groundball, 4MD, EV 106.2 MPH) Joe Thomas to third Runner from 3rd tries for Home, SAFE, throw by CF to home Donovan Deason to second
|
Batting: RHB Klaus Brown
|
0-0: Ball 1-0: Called Strike 1-1: Called Strike 1-2: Ground out 6-3 (Groundball, 6, EV 81.2 MPH)
|
Batting: RHB Camillo Bonauiti
|
0-0: Ball 1-0: Ball 2-0: Foul Ball, location: 2F 2-1: Fly out, F4 (Popup, 4, EV 56.2 MPH)
|
Batting: RHB Bellchior Osuna
|
0-0: Called Strike 0-1: Ball 1-1: Ball 2-1: Called Strike 2-2: Ball 3-2: Foul Ball, location: 2F 3-2: Base on Balls
|
Batting: RHB Nhat Phong
|
0-0: Foul Ball, location: 2F 0-1: Ball 1-1: Foul Ball, location: 2F 1-2: Strikes out swinging
|
Bottom of the 4th over - 1 run, 1 hit, 1 error, 2 left on base; Canton 0 - Windy City 1 |
TOP OF THE 5TH |
Canton Indians batting - Pitching for Windy City ThunderBolts : RHP Chang-wei Quian
|
Batting: RHB Giuliano Giacoletti Jr.
|
0-0: Called Strike 0-1: Ball 1-1: Ball 2-1: Ball 3-1: Base on Balls
|
Batting: SHB Jose Abreu
|
0-0: Ball 1-0: Called Strike 1-1: Fly out, F9 (Flyball, 9D, EV 93.1 MPH)
|
Batting: RHB Willie Toral
|
0-0: Swinging Strike 0-1: Ball 1-1: Ball Wild Pitch! Giuliano Giacoletti Jr. to second 2-1: Ball 3-1: Foul Ball, location: 2F 3-2: Foul Ball, location: 2F 3-2: Foul Ball, location: 2F 3-2: Strikes out swinging
|
Batting: RHB Oscar Hernandez
|
0-0: Foul Ball, location: 2F 0-1: Called Strike 0-2: Foul Ball, location: 2F 0-2: Strikes out swinging
|
Top of the 5th over - 0 runs, 0 hits, 0 errors, 1 left on base; Canton 0 - Windy City 1 |
BOTTOM OF THE 5TH |
Windy City ThunderBolts batting - Pitching for Canton Indians : RHP Ian McLeod
|
Batting: SHB Dan Strickland
|
0-0: Ball 1-0: Foul Ball, location: 2F 1-1: Ball 2-1: SINGLE (Line Drive, 9LS, EV 88.1 MPH)
|
Batting: RHB Paul Holland
|
0-0: Swinging Strike 0-1: Ball 1-1: Ball 2-1: Ball 3-1: Base on Balls Dan Strickland to second
|
Batting: RHB Eddie Dimas
|
0-0: Ball 1-0: Swinging Strike 1-1: Ball 2-1: Foul Ball, location: 2F 2-2: Grounds into double play, 5-4-3 (Groundball, 56S, EV 89.4 MPH) Dan Strickland to third
|
Pitching: LHP Willie Tirado
|
|
Batting: RHB Joe Thomas
|
0-0: Ball 1-0: Ball 2-0: Called Strike 2-1: Fly out, F9 (Line Drive, 9D, EV 100.6 MPH)
|
Bottom of the 5th over - 0 runs, 1 hit, 0 errors, 1 left on base; Canton 0 - Windy City 1 |
TOP OF THE 6TH |
Canton Indians batting - Pitching for Windy City ThunderBolts : RHP Chang-wei Quian
|
Batting: SHB Bob Ledlow
|
0-0: Called Strike 0-1: Swinging Strike 0-2: Strikes out swinging
|
Batting: LHB Mark Harris
|
0-0: Called Strike 0-1: Ball 1-1: Foul Ball, location: 2F 1-2: Strikes out swinging wild pitch, reaches first!
|
Batting: RHB David Haas
|
0-0: Called Strike 0-1: Ball 1-1: Foul Ball, location: 2F 1-2: Strikes out swinging
|
Batting: RHB Jonathan Johnstad
|
0-0: Ball 1-0: Ball 2-0: Called Strike 2-1: SINGLE (Line Drive, 89S, EV 102.5 MPH) Mark Harris to second
|
Batting: LHB Mike Belile
|
0-0: Called Strike 0-1: Ball 1-1: Foul Ball, location: 2F 1-2: Foul Ball, location: 2F 1-2: Strikes out looking
|
Top of the 6th over - 0 runs, 1 hit, 0 errors, 2 left on base; Canton 0 - Windy City 1 |
BOTTOM OF THE 6TH |
Windy City ThunderBolts batting - Pitching for Canton Indians : LHP Willie Tirado
|
Batting: RHB Donovan Deason
|
0-0: Ground out 1-3 (Groundball, 13, EV 68.1 MPH)
|
Batting: RHB Klaus Brown
|
0-0: Called Strike 0-1: Fly out, F5 (Line Drive, 5L, EV 73.1 MPH)
|
Batting: RHB Camillo Bonauiti
|
0-0: DOUBLE (Groundball, 5L, EV 106.2 MPH)
|
Batting: RHB Bellchior Osuna
|
0-0: Foul Ball, location: 2F 0-1: Called Strike 0-2: Fly out, F8 (Flyball, 78D, EV 96.2 MPH)
|
Bottom of the 6th over - 0 runs, 1 hit, 0 errors, 1 left on base; Canton 0 - Windy City 1 |
TOP OF THE 7TH |
Canton Indians batting - Pitching for Windy City ThunderBolts : RHP Chang-wei Quian
|
Pinch Hitting: SHB Brad Larabel
|
0-0: Ball 1-0: Foul Ball, location: 2F 1-1: DOUBLE (Line Drive, 78D, EV 110.0 MPH)
|
Batting: SHB Jose Abreu
|
0-0: Ball 1-0: Called Strike 1-1: Ball 2-1: Called Strike 2-2: Foul Ball, location: 2F 2-2: Foul Ball, location: 2F 2-2: Strikes out swinging
|
Pitching: RHP Mike Davis
|
|
Pinch Hitting: LHB Julio Zamora
|
0-0: Ball 1-0: Called Strike 1-1: Ball 2-1: Ball 3-1: Ground out 6-3 (Groundball, 4M, EV 85.0 MPH) Brad Larabel to third
|
Pinch Hitting: RHB Jose Lebron
|
0-0: SINGLE (Line Drive, 78S, EV 105.0 MPH) Brad Larabel scores
|
Batting: SHB Bob Ledlow
|
0-0: Ball 1-0: Ball 2-0: Swinging Strike 2-1: Swinging Strike 2-2: Foul Ball, location: 2F 2-2: Ball 3-2: Foul Ball, location: 2F 3-2: Strikes out swinging
|
Top of the 7th over - 1 run, 2 hits, 0 errors, 1 left on base; Canton 1 - Windy City 1 |
BOTTOM OF THE 7TH |
Windy City ThunderBolts batting - Pitching for Canton Indians : LHP Willie Tirado
|
Now at 2B: Brad Larabel
|
|
Now at SS: Josh Carini
|
|
Now in RF: Julio Zamora
|
|
Batting: RHB Nhat Phong
|
0-0: Ball 1-0: Ball 2-0: Ball 3-0: Called Strike 3-1: Foul Ball, location: 2F 3-2: Base on Balls
|
Batting: SHB Dan Strickland
|
0-0: Foul Ball, location: 2F 0-1: Ball 1-1: Ball 2-1: Swinging Strike 2-2: Foul Ball, location: 2F 2-2: Ball 3-2: Foul Ball, location: 2F 3-2: Fly out, F9 (Flyball, 9, EV 81.2 MPH)
|
Batting: RHB Paul Holland
|
0-0: Ball 1-0: Ball 2-0: Called Strike 2-1: Called Strike 2-2: Ball Pickoff Throw by Catcher to First - Out! 3-2: SINGLE (Groundball, 34D, EV 103.1 MPH)
|
Batting: RHB Eddie Dimas
|
0-0: Ball 1-0: Ball 2-0: Called Strike 2-1: Ball 3-1: Ground out U3 (Groundball, 3L, EV 111.2 MPH)
|
Bottom of the 7th over - 0 runs, 1 hit, 0 errors, 1 left on base; Canton 1 - Windy City 1 |
TOP OF THE 8TH |
Canton Indians batting - Pitching for Windy City ThunderBolts : RHP Mike Davis
|
Batting: LHB Mark Harris
|
0-0: Ball 1-0: Ball 2-0: Foul Ball, location: 2F 2-1: Called Strike 2-2: Ball 3-2: Strikes out swinging
|
Pinch Hitting: RHB Joe Bauer
|
0-0: Called Strike 0-1: Ball 1-1: Ball 2-1: Swinging Strike 2-2: Fly out, F7 (Flyball, 7LMF, EV 94.4 MPH)
|
Batting: RHB Jonathan Johnstad
|
0-0: Ball 1-0: Ball 2-0: Ground out 6-3 (Groundball, 6, EV 81.2 MPH)
|
Top of the 8th over - 0 runs, 0 hits, 0 errors, 0 left on base; Canton 1 - Windy City 1 |
BOTTOM OF THE 8TH |
Windy City ThunderBolts batting - Pitching for Canton Indians : LHP Willie Tirado
|
Now at 1B: Joe Bauer
|
|
Batting: RHB Joe Thomas
|
0-0: Ball 1-0: Swinging Strike 1-1: SINGLE (Groundball, 6M, EV 103.8 MPH)
|
Batting: RHB Donovan Deason
|
0-0: SINGLE (Line Drive, 78S, EV 108.8 MPH) Joe Thomas to second
|
Batting: RHB Klaus Brown
|
0-0: Swinging Strike 0-1: Swinging Strike 0-2: Strikes out swinging
|
Pitching: RHP Benito de la Torre
|
|
Batting: RHB Camillo Bonauiti
|
0-0: Called Strike 0-1: Ball 1-1: Ball 2-1: Foul Ball, location: 2F 2-2: SINGLE (Groundball, 6MD, EV 105.0 MPH) Joe Thomas to third Donovan Deason to second Runner from 3rd tries for Home, SAFE, throw by CF to home
|
Batting: RHB Bellchior Osuna
|
0-0: Ball 1-0: Ball 2-0: Ball 3-0: Called Strike 3-1: Grounds into double play, 5-4-3 (Groundball, 56S, EV 82.5 MPH)
|
Bottom of the 8th over - 1 run, 3 hits, 0 errors, 1 left on base; Canton 1 - Windy City 2 |
TOP OF THE 9TH |
Canton Indians batting - Pitching for Windy City ThunderBolts : RHP Mike Davis
|
Pitching: RHP Ray Nauman
|
|
Pinch Hitting: RHB Aubrey Regimbald
|
0-0: Ball 1-0: Ball 2-0: Foul Ball, location: 2F 2-1: Called Strike 2-2: Ground out 6-3 (Groundball, 56, EV 85.0 MPH)
|
Batting: SHB Brad Larabel
|
0-0: Called Strike 0-1: Foul Ball, location: 2F 0-2: Ball 1-2: Fly out, F6 (Flyball, 56D, EV 90.6 MPH)
|
Batting: SHB Jose Abreu
|
0-0: Foul Ball, location: 2F 0-1: Called Strike 0-2: Strikes out swinging
|
Top of the 9th over - 0 runs, 0 hits, 0 errors, 0 left on base; Canton 1 - Windy City 2 |
|